 Dungeon Crawl Stone Soup version 0.32-a0-868-g153ae1a8d6 (webtiles) character file.

Game seed: 10475978349839568983

357 Biggs the Shooter (level 6, 39/44 HPs)
             Began as a Coglin Hunter on Mar 28, 2024.
             Quit the game on level 4 of the Dungeon.
             The game lasted 00:03:19 (2545 turns).

Biggs the Shooter (Coglin Hunter)                   Turns: 2545, Time: 00:03:20

Health: 39/44      AC:  3    Str: 10 (12) XL:     6   Next: 64%
Magic:  6/6        EV: 10    Int:  5 (8)  God:
Gold:   116        SH:  0    Dex: 17 (19) Spells: 5/5 levels left

rFire   . . .        a - +2 sling {Jin}
rCold   . . .        d - +0 sling {Shi}
rNeg    . . .        c - +0 leather armour
rPois   .            (no helmet)
rElec   .            (no cloak)
rCorr   .            (no gloves)
SInv    .            (no boots)
Will    .....        (amulet unavailable)
Stlth   +            (ring unavailable)
HPRegen 0.27/turn    (ring unavailable)
MPRegen 0.10/turn    (no gizmo)

%: no passive effects
@: revving, very slow
A: off-hand wielding, slow wielding, warmup strikes, no jewellery
a: Invent Gizmo


You were on level 4 of the Dungeon.
You visited 1 branch of the dungeon, and saw 4 of its levels.

You collected 116 gold pieces.

Inventory:

Hand Weapons
 a - a +2 sling (weapon) {Jin}
 d - a +0 sling (offhand) {Shi}
Missiles
 m - a throwing net
Armour
 c - a +0 leather armour (worn)
Scrolls
 b - a scroll of butterflies
 e - a scroll of fear {unknown}
 f - 3 scrolls of vulnerability {unknown}
 g - a scroll of poison {unknown}
 h - 4 scrolls of identify {unknown}
 i - a scroll of enchant weapon {unknown}
Potions
 j - a potion of lignification
 n - 2 potions of curing


   Skills:
 - Level 2.0 Fighting
 + Level 7.1 Ranged Weapons
 - Level 1.7 Dodging
 - Level 0.7 Stealth


You had 5 spell levels left.
You didn't know any spells.
Your spell library was empty.

Dungeon Overview and Level Annotations

Branches:
Dungeon (4/15)
 Temple: D:4-7

Altars:
Okawaru


Innate Abilities, Weirdness & Mutations

You can wield a second weapon in your off-hand.
It takes a long time for you to wield or remove held weapons.
Your first few attacks do less damage.
You cannot equip rings or amulets.


Message History

Key pressed, stopping explore.
Found a helmet.
You enter the shallow water.
Moving in this stuff is going to be slow.
Key pressed, stopping explore.
You enter the shallow water.
Moving in this stuff is going to be slow.
Key pressed, stopping explore.
Key pressed, stopping explore.
You enter the shallow water.
Moving in this stuff is going to be slow.
You enter the shallow water.
Moving in this stuff is going to be slow.
A gnoll is nearby!
A gnoll is nearby!
A gnoll is nearby!
A gnoll is nearby!
Unknown command.
You shoot a sling bullet. The gnoll shouts!
The sling bullet hits the gnoll.
The gnoll is lightly wounded.
You shoot a sling bullet. The sling bullet hits the gnoll.
The gnoll is moderately wounded.
Unknown command.
Unknown command.
Unknown command.
You shoot a sling bullet. The sling bullet hits the gnoll.
The gnoll is moderately wounded.
You shoot a sling bullet. The sling bullet hits the gnoll.
The gnoll is moderately wounded.
The gnoll zaps a wand.
The puff of flame hits you.
Unknown command.
No target in view!
Unknown command.
No target in view!
Unknown command.
No target in view!
Unknown command.
Are you sure you want to abandon this character and quit the game? (Confirm with "yes".)

~~≈≈~~~~P..)###.#
~≈≈≈~~P~~♣>#....#
~≈~≈~≈~~~~♣#.####
~≈≈~≈~≈~~P♣#.#
~~~~~≈~~~....#
.g.........).#
≈~~§~~~~~)~#.##
≈P~≈§§~~~.)~..##
♣~§@~.~♣~..#
♣♣P~~.~)♣~.##
♣~~P.~~♣~..#
#♣PP≈.~≈♣♣#.#
#~~P~.≈~~##.#
##P~~.P♣~##.#
#~~~.P♣##..#
#P~~.~♣♣#.##
#♣PP~.~♣~#.#


There were no monsters in sight!

Vanquished Creatures
  Eustachio (D:4)
  3 adders
  10 gnolls
  A dart slug (D:2)
  3 ribbon worms
  2 orcs (D:4)
  3 ball pythons
  6 endoplasms
  4 giant cockroaches
  8 goblins
  8 hobgoblins
  9 bats
  3 frilled lizards
  4 kobolds
  4 rats
69 creatures vanquished.

Notes
Turn   | Place    | Note
-------+----------+-------------------------------------------
     0 | D:1      | Biggs the Coglin Hunter began the quest for the Orb.
     0 | D:1      | Reached XP level 1. HP: 16/16 MP: 1/1
   153 | D:1      | Reached skill level 4 in Ranged Weapons
   153 | D:1      | Reached XP level 2. HP: 22/22 MP: 2/2
   602 | D:2      | Reached XP level 3. HP: 27/27 MP: 3/3
   615 | D:2      | HP: 1/27 [gnoll/+0 club (7)]
   750 | D:2      | Reached skill level 5 in Ranged Weapons
   750 | D:2      | Reached XP level 4. HP: 33/33 MP: 4/4
  1518 | D:3      | You fall into a shaft and drop 1 floor!
  1539 | D:4      | Noticed Eustachio
  1558 | D:4      | Killed Eustachio
  1559 | D:4      | Reached skill level 6 in Ranged Weapons
  1559 | D:4      | Reached XP level 5. HP: 28/38 MP: 5/5
  1559 | D:4      | Reached XP level 6. HP: 32/44 MP: 6/6
  2124 | D:3      | Found an iron altar of Okawaru.
  2450 | D:4      | Reached skill level 7 in Ranged Weapons
  2545 | D:4      | Quit the game

Illustrated notes

Levels and vault maps discovered:
D:1:      zelgadis_glass_arrival_small, layout_loops_cross
D:2:      layout_loops_ring
D:3:      layout_basic, general_overflow_altar, corexii_leaking_fountain
D:4:      layout_basic, serial_bayou, serial_bayou_pond_c, serial_bayou_shore_a,
          serial_bayou_lagoon_b, serial_bayou_pond_c, uniq_eustachio

Skill      XL: |  1  2  3  4  5  6 |
---------------+-------------------+-----
Ranged Weapons | 4 5 6 7 |  7.1
Fighting       | |  2.0
Dodging        | |  1.7
Stealth        | |  0.7

Action                     |  1- 3 |  4- 6 || total
---------------------------+-------+-------++-------
   Fire: Sling             |   104 |   254 ||   358
    Use: Potion            |       |     4 ||     4
 Armour: Leather armour    |    14 |    26 ||    40
  Dodge: Dodged            |    10 |    29 ||    39

Table legend: (Time is in decaauts)
 A = Elapsed time spent in this place.
 B = Non-inter-level travel time spent in this place.
 C = Inter-level travel time spent in this place.
 D = Time resting spent in this place.
 E = Time spent auto-exploring this place.
 F = Levels seen in this place.
 G = Mean time per level.
                   A        B        C        D        E       F      G
               +--------+--------+--------+--------+--------+-----+--------+
         Total |   2583 |   2432 |    151 |     14 |   2020 |   4 |  645.8 |
       Dungeon |   2583 |   2432 |    151 |     14 |   2020 |   4 |  645.8 |
               +--------+--------+--------+--------+--------+-----+--------+

Top non-repeatable levels by time:
     D:3: 931 daAuts
     D:2: 765 daAuts
     D:1: 557 daAuts
     D:4: 329 daAuts
